Zazza, neutral female human Wizard ---------- |........| |........| |........| |........| |......<.. ##.........| # -------+-- ### # -------+- ### |...hhk)| # |%.GoI@f.########## |...G.ko| |..(oooh| |..G..k.| --------- Zazza the Conjurer Experience level: 4 Strength: 9 Dexterity: 11 Constitution: 14 Intelligence: 18 Wisdom: 13 Charisma: 11 Health: 0(30) Energy: 22(42) Def: 0 Gold: 463 Moves: 1572 Dungeon seed: 7in-i5zhyQx8iHoj Game ID: Zazza_1576350756 Your Inventory: Coins $ - 463 gold pieces Weapons a - a blessed +1 quarterstaff (weapon in hands) Armor e - an uncursed +0 cloak of magic resistance (being worn) r - a cursed -2 pair of kicking boots (being worn) Comestibles p - an uncursed tripe ration Scrolls h - an uncursed scroll of light i - an uncursed scroll of food detection j - an uncursed scroll of gold detection Spellbooks k - a blessed spellbook of force bolt l - an uncursed spellbook of sleep s - an uncursed spellbook of dig x - an uncursed spellbook of magic mapping Potions f - 2 uncursed potions of healing g - 2 uncursed potions of speed w - an uncursed potion of confusion Rings c - an uncursed ring of protection from shape changers (on left hand) d - an uncursed ring of cold resistance (on right hand) Wands b - a wand of speed monster (0:5) Tools q - an uncursed bell t - an uncursed magic whistle Spells and supernatural/magical abilities: Name Level Category Fail Memory a - force bolt 1 attack 0% 93% z - sleep 1 enchantment 0% 93% W - pray for help -- divine ? -- Your skills at the end: Fighting Skills Weapon Skills quarterstaff [Basic] Spellcasting Skills attack spells [Basic] enchantment spells [Basic] Final Attributes: You were piously aligned. You were cold resistant. You were magic-protected. You were protected from shape changers. You were fast. You are dead. Vanquished creatures: 2 bugbears a gnome lord 3 kobold lords 2 kobold shamans an iguana an acid blob a coyote 2 hobgoblins 3 brown molds a gnome 2 geckos 3 jackals 2 foxes a kobold 2 goblins a sewer rat 6 grid bugs 4 lichens 3 kobold zombies 4 newts 45 creatures vanquished. Voluntary challenges: You were an atheist. You used a wielded weapon 10 times, starting on turn 212. You read items or engraved 2 times, starting on turn 722. You never genocided any monsters. You never polymorphed an object. You never changed form. You used no wishes. You never split a pudding. You never wrote Elbereth's name. You never violated your personal moral code. Dungeon overview: The Dungeons of Doom: levels 1 to 5 Level 1 a long staircase Level 2 (gold) Level 3 (gold) an armor shop Level 4 a long staircase Level 5 <- You were here a throne History has recorded: On T:1 you entered the Dungeons of Doom to retrieve the Amulet of Yendor! On T:352 you reached level 2 of The Dungeons of Doom. On T:718 you reached level 3 of The Dungeons of Doom. On T:1166 you reached level 4 of The Dungeons of Doom. On T:1294 you advanced to experience level 2. On T:1536 you reached level 5 of The Dungeons of Doom. On T:1561 you advanced to experience level 3. On T:1562 you advanced to experience level 4. Score breakdown: Gold: 463 ( 9070 points) Experience: 4 levels ( 9649 points) Exploration: 5 levels ( 10.87%) ( 8944 points) Discoveries: 4 items ( 1.39%) ( 3535 points) Valuables value: (no points given unless you survive) Artifact value: 0 ( 0 points) Variety of kills: 20 monsters ( 5.25%) ( 6873 points) Turncount: 1572 turns ( 0 points) Survival: died (score multiplied by 80%) Total score: 30456 Latest messages: Armand bites the kobold lord. The kobold lord misses Armand. You kill the kobold! Armand misses the kobold lord. Armand bites the kobold lord. The kobold lord is killed! You see here 9 arrows. Armand eats a gnome lord corpse. The large kobold hits! The hobgoblin drinks a white potion! Suddenly you cannot see the hobgoblin. The air crackles around the kobold shaman. Armand bites the kobold shaman. The air crackles around the kobold shaman. Wait! There's something there you can't see! Armand misses the kobold shaman. The hobgoblin zaps a runed wand! The wand hits the kobold shaman! The kobold shaman is killed! Boing! It hits! The gnomish wizard casts a spell! The gnomish wizard is suddenly moving faster. The bugbear hits! You die... Final status: Goodbye Zazza the Wizard, killed by a bugbear... You died in The Dungeons of Doom on dungeon level 5 with 30456 points, and 463 pieces of gold, after 1572 moves. You were level 4 with a maximum of 30 hit points when you died.